 Dungeon Crawl Stone Soup version 0.20.1-1-g8b1a95d (webtiles) character file.

176 Nidhoragg the Cudgeler (level 5, -2/39 HPs)
             Began as a Demonspawn Gladiator on Oct 21, 2017.
             Killed by divine providence
             ... invoked by an orc priest
              (12 damage)
             ... on level 3 of the Dungeon.
             The game lasted 00:11:07 (2277 turns).

Nidhoragg the Cudgeler (Demonspawn Gladiator)       Turns: 2277, Time: 00:11:08

Health: -2/39      AC:  9    Str: 15    XL:     5   Next: 30%
Magic:  5/5        EV: 12    Int:  9    God:
Gold:   88         SH:  0    Dex: 17    Spells: 4/4 levels left

rFire    . . .     SeeInvis +   a - +0 flail
rCold    . . .     Gourm    .   (no shield)
rNeg     . . .     Faith    .   i - +0 ring mail
rPois    +         Spirit   .   y - +0 helmet
rElec    .         Reflect  .   (no cloak)
rCorr    .         Harm     .   h - +1 pair of gloves
MR       .....                  u - +0 pair of boots
Stlth    +.........             (no amulet)
Regen    0.2/turn               g - ring of poison resistance
MPRegen  0.1/turn               B - ring of see invisible

@: no status effects
A: talons 1, thin skeletal structure 1, powered by pain 1
a: no special abilities


You were on level 3 of the Dungeon.
You were not hungry.

You visited 1 branch of the dungeon, and saw 3 of its levels.

You collected 88 gold pieces.

Inventory:

Hand Weapons
 a - a +0 flail (weapon)
Missiles
 d - 3 throwing nets
 l - 2 tomahawks (quivered)
Armour
 b - a +0 leather armour
 c - a +0 helmet
 h - a +1 pair of gloves (worn)
 i - a +0 ring mail (worn)
 u - a +0 pair of boots (worn)
 y - a +0 helmet (worn)
Jewellery
 g - a ring of poison resistance (left hand)
 B - a ring of see invisible (right hand)
Wands
 x - a wand of digging (16/24)
Scrolls
 o - 4 scrolls of remove curse {unknown}
 q - a scroll of magic mapping
 z - a scroll of random uselessness {unknown}
Potions
 e - a potion of berserk rage
 j - a potion of curing
 m - a potion of lignification {unknown}
 p - 2 potions of agility {unknown}
 s - a potion of haste {unknown}
 v - a potion of mutation {unknown}
 w - 2 potions of might {unknown}
Comestibles
 f - 4 bread rations
 k - a meat ration
 n - 2 royal jellies
 t - a fruit


   Skills:
 + Level 2.4 Fighting
 + Level 4.1 Maces & Flails
 + Level 1.9 Throwing
 * Level 1.5 Armour
 * Level 3.6 Dodging


You had 4 spell levels left.
You didn't know any spells.

Dungeon Overview and Level Annotations

Branches:
Dungeon (3/15)

Altars:
Nemelex Xobeh


Innate Abilities, Weirdness & Mutations

You have sharp toenails.
You have a somewhat thin skeletal structure. (Dex +2, Stealth)
You sometimes gain a little power by taking damage.


Message History

The orc priest looks braver for a moment.
The orc priest hits you but does no damage.
An orc comes into view. It is wielding a short sword.
You hit the orc priest.
The orc priest is severely wounded.
You hit the orc.
The orc is almost dead.
The orc barely misses you.
You closely miss the orc.
The orc is almost dead.
The orc priest looks satisfied for a moment.
The orc barely misses you.
You closely miss the orc.
The orc is almost dead.
The orc closely misses you.
You barely miss the orc.
The orc is almost dead.
The orc priest mumbles some strange prayers to Beogh against you.
Beogh smites you!
You die...

##################
.................#
...#############.#
##.# #.........#.#
.#.###.#######.#.#
.............#.#.#
.#.###.#.#.#.#.#.#
.....#.#.#...#.#.#
.....#.#.#####.#@#
.....#.#.......#o#
.....#.#########o#
.....#.. .o#
.....### ###
.....# .....#
.....# ######


You could see an orc priest and 2 orcs.

Vanquished Creatures
  2 orc wizards (D:3)
  Ijyb (D:3)
  Robin (D:3)
  An adder (D:2)
  2 worms
  A dart slug (D:1)
  A leopard gecko (D:3)
  4 orcs (D:3)
  11 goblins
  10 hobgoblins
  6 jackals
  7 kobolds
  2 quokkas (D:3)
  6 bats
  3 frilled lizards
  5 rats
63 creatures vanquished.

Notes
Turn   | Place    | Note
-------+----------+-------------------------------------------
     0 | D:1      | Nidhoragg the Demonspawn Gladiator began the quest for the Orb.
     0 | D:1      | Reached XP level 1. HP: 16/16 MP: 1/1
   252 | D:1      | Gained mutation: You have sharp toenails. [demonic ancestry]
   252 | D:1      | Reached XP level 2. HP: 6/22 MP: 2/2
  1179 | D:2      | Reached skill level 3 in Maces & Flails
  1179 | D:2      | Reached skill level 1 in Armour
  1179 | D:2      | Reached XP level 3. HP: 27/27 MP: 3/3
  1386 | D:2      | Found a sparkling altar of Nemelex Xobeh.
  1638 | D:3      | Noticed Robin
  1668 | D:3      | Gained mutation: You have a somewhat thin skeletal structure. (Dex +2, Stealth) [demonic ancestry]
  1668 | D:3      | Reached XP level 4. HP: 25/33 MP: 4/4
  1672 | D:3      | Killed Robin
  1855 | D:3      | Noticed Ijyb
  1869 | D:3      | Killed Ijyb
  1987 | D:3      | Gained mutation: You sometimes gain a little power by taking damage. [demonic ancestry]
  1987 | D:3      | Reached XP level 5. HP: 12/39 MP: 5/5
  1989 | D:3      | Reached skill level 4 in Maces & Flails
  2277 | D:3      | Killed from afar by an orc priest

Skill      XL: |  1  2  3  4  5 |
---------------+----------------+-----
Dodging        | 3 |  3.6
Maces & Flails | 3 4 |  4.1
Armour         | 1 |  1.5
Fighting       | |  2.4
Throwing       | |  1.9

Action                   |  1- 3 |  4- 6 || total
-------------------------+-------+-------++-------
Melee: Flail             |   115 |    88 ||   203
       Kick              |     7 |       ||     7
Throw: Tomahawk          |     2 |       ||     2
  Use: Scroll            |     4 |     1 ||     5
       Potion            |       |     1 ||     1
  Eat: Chunk             |     2 |     3 ||     5
Armor: Leather armour    |     1 |       ||     1
       Ring mail         |    49 |    34 ||    83
Dodge: Dodged            |    80 |    52 ||   132
